 Dungeon Sprint DCSS version 0.24.0-123-gd5b16e6ec5 (webtiles) character file.

Game seed: 2395588782562047589, levelgen mode: deterministic

10677 McKennaii the Fencer (level 11, -3/93 HPs)
             Began as a Demonspawn Fighter on Dec 25, 2019.
             Was the Champion of Makhleb.
             Slain by an ettin
             ... wielding a +0 dire flail
              (26 damage)
             ... in the Dungeon (Sprint IX: "|||||||||||||||||||||||||||||").
             The game lasted 00:05:53 (1276 turns).

McKennaii the Fencer (Demonspawn Fighter)           Turns: 1276, Time: 00:05:54

Health: -3/93      AC: 23    Str: 21    XL:     11   Next: 39%
Magic:  16/16      EV:  7    Int: 10    God:    Makhleb [******]
Gold:   17         SH: 12    Dex: 14    Spells: 10/10 levels left

rFire    . . .     SeeInvis .   p - +2 scimitar (flame)
rCold    . . .     Gourm    .   c - +0 shield
rNeg     . . .     Faith    .   t - +0 plate armour
rPois    .         Spirit   .   a - +0 helmet
rElec    .         Reflect  .   A - +0 cloak
rCorr    .         Harm     .   (no gloves)
MR       .....     NoTele   +   (no boots)
Stlth    ..........             (no amulet)
HPRegen  0.25/turn              b - +2 ring of protection
MPRegen  0.15/turn              r - +3 ring of strength

@: no status effects
A: hooves 2, iridescent scales 2, spiny 2
a: Minor Destruction, Lesser Servant of Makhleb, Major Destruction, Greater
Servant of Makhleb, Renounce Religion


You were in the Dungeon.
You worshipped Makhleb.
Makhleb was exalted by your worship.
You were not hungry.

You visited 1 branch You collected 17 gold pieces.

Inventory:

Hand Weapons
 p - a +2 scimitar of flaming (weapon)
Armour
 a - a +0 helmet (worn)
 c - a +0 shield (worn)
 t - a +0 plate armour (worn)
 A - a +0 cloak (worn)
Jewellery
 b - a +2 ring of protection (left hand)
 r - a +3 ring of strength (right hand)
Wands
 o - a wand of acid (10)
 q - a wand of iceblast (5)
Scrolls
 k - 2 scrolls of blinking
 m - 3 scrolls of remove curse
 n - 2 scrolls of amnesia
 u - 3 scrolls of identify
 v - a scroll of magic mapping
 w - a scroll of fear
 x - a scroll of fog
 y - 4 scrolls of enchant armour
Potions
 d - a potion of might
 e - 7 potions of curing
 g - 2 potions of heal wounds
 h - a potion of haste
 i - 4 potions of magic
 j - 2 potions of berserk rage
 l - a potion of invisibility
 s - a potion of brilliance
Comestibles
 f - 12 rations
 z - 8 chunks of flesh


   Skills:
 + Level 11.1 Fighting
 * Level 17.3 Long Blades
 + Level 10.3 Armour
 + Level 3.5 Dodging
 + Level 6.5 Stealth
 + Level 10.2 Shields
 * Level 7.1 Invocations


You had 10 spell levels left.
You didn't know any spells.
Your spell library was empty.

Dungeon Overview and Level Annotations

Branches:
Dungeon (1/1)

Altars:
Cheibriados
Dithmenos
Elyvilon
Fedhas
Gozag
Hepliaklqana
Kikubaaqudgha
Makhleb
Nemelex Xobeh
Okawaru
Qazlal
Ru
Sif Muna
Trog
Uskayaw
Vehumet
Wu Jian
Xom
Yredelemnul
Zin
The Shining One
Beogh
Jiyva
Lugonu


Innate Abilities, Weirdness & Mutations

You have hoof-like feet.
You are mostly covered in iridescent scales. (AC +4)
You are mostly covered in sharp spines.


Message History

You kill the orc priest!
Makhleb accepts your kill.
You slice the orc!! You burn the orc.
You kill the orc!
Makhleb accepts your kill. The ettin is struck by your spines.
The ettin hits you with a +0 dire flail!!
You block the ettin's attack.
Items here: $ )) † a +1 vampiric hand axe; a cursed -1 hand axe; 150 gold pieces; an orc corpse You hit the ettin.
You burn the ettin. You kick the ettin.
The ettin is moderately wounded.
You block the ettin's attack.
The ettin hits you with a +0 dire flail!!!
* * * LOW HITPOINT WARNING * * *
You hit the ettin but do no damage. You kick the ettin.
The ettin is moderately wounded.
The ettin hits you but does no damage.
The ettin hits you with a +0 dire flail!!
You die...

▓.▓.▓.▓.▓.▓
▓.▓.▓.▓.▓.▓
▓.▓.▓.▓.▓[▓
▓.▓.▓)▓.▓$▓
▓.▓.▓.▓.▓)▓
▓'▓.▓.▓.▓)▓
▓_▓.▓.▓.▓)▓
▓_▓.▓.▓.▓)▓
▓_▓.▓.▓.▓@▓
▓_▓.▓.▓.▓C▓
▓_▓.▓†▓.▓o▓
▓_▓.▓.▓[▓o▓
▓_▓.▓.▓.▓.▓
▓_▓.▓.▓.▓.▓
▓_▓.▓.▓.▓.▓
▓_▓.▓.▓.▓.▓
▓_▓.▓†▓.▓


You could see an ettin and 2 orcs.

Vanquished Creatures
  Gastronok (D)
  2 catoblepae (D)
  A centaur warrior (D)
  A death yak (D)
  Sonja (D)
  An orc sorcerer (D)
  2 cyclopes (D)
  A black mamba (D)
  3 spiny frogs (D)
  A komodo dragon (D)
  A rime drake (D)
  A hippogriff (D)
  2 blink frogs (D)
  A shadow (D)
  6 yaks (D)
  A hungry ghost (D)
  4 water moccasins (D)
  2 orc warriors (D)
  A phantom (D)
  An eye of draining (D)
  2 ogres (D)
  2 crocodiles (D)
  3 bullfrogs (D)
  A crimson imp (D)
  2 orc wizards (D)
  3 orc priests (D)
  2 gnolls (D)
  An adder (D)
  A leopard gecko (D)
  4 orcs (D)
  A goblin (D)
  2 kobolds (D)
  A bat (D)
  A rat (D)
60 creatures vanquished.

Notes
Turn   | Place    | Note
-------+----------+-------------------------------------------
     0 | D        | McKennaii the Demonspawn Fighter began the quest for the
                  | Orb.
     0 | D        | Reached XP level 1. HP: 18/18 MP: 1/1
     5 | D        | Reached skill level 2 in Long Blades
    24 | D        | Noticed a crimson imp
    24 | D        | Noticed a phantom
    28 | D        | Killed a crimson imp
    28 | D        | Reached skill level 3 in Long Blades
    28 | D        | Gained mutation: You are partially covered in iridescent
                  | scales. (AC +2) [demonic ancestry]
    28 | D        | Reached XP level 2. HP: 23/25 MP: 2/2
    28 | D        | Gained mutation: You are partially covered in sharp spines.
                  | [demonic ancestry]
    28 | D        | Reached XP level 3. HP: 28/30 MP: 3/3
    33 | D        | Reached skill level 4 in Long Blades
    56 | D        | Killed a phantom
    56 | D        | Reached skill level 5 in Fighting
    56 | D        | Reached skill level 6 in Long Blades
    56 | D        | Reached skill level 5 in Shields
    56 | D        | Gained mutation: You are mostly covered in iridescent
                  | scales. (AC +4) [demonic ancestry]
    56 | D        | Reached XP level 4. HP: 14/39 MP: 4/4
    56 | D        | Reached XP level 5. HP: 16/44 MP: 5/5
   140 | D        | Found a roughly hewn altar of Beogh.
   140 | D        | Found a snail-covered altar of Cheibriados.
   140 | D        | Found a shadowy altar of Dithmenos.
   140 | D        | Found a white marble altar of Elyvilon.
   140 | D        | Found a blossoming altar of Fedhas.
   140 | D        | Found an opulent altar of Gozag.
   141 | D        | Found a hazy altar of Hepliaklqana.
   142 | D        | Found a viscous altar of Jiyva.
   143 | D        | Found an ancient bone altar of Kikubaaqudgha.
   144 | D        | Found a corrupted altar of Lugonu.
   145 | D        | Found a burning altar of Makhleb.
   146 | D        | Found a sparkling altar of Nemelex Xobeh.
   147 | D        | Found an iron altar of Okawaru.
   148 | D        | Found a stormy altar of Qazlal.
   149 | D        | Found a sacrificial altar of Ru.
   150 | D        | Found a shimmering blue altar of Sif Muna.
   151 | D        | Found a bloodstained altar of Trog.
   152 | D        | Found a hide-covered altar of Uskayaw.
   153 | D        | Became a worshipper of Makhleb the Destroyer
   154 | D        | Found a radiant altar of Vehumet.
   155 | D        | Found an ornate altar of the Wu Jian Council.
   156 | D        | Found a shimmering altar of Xom.
   157 | D        | Found a basalt altar of Yredelemnul.
   158 | D        | Found a glowing silver altar of Zin.
   159 | D        | Found a glowing golden altar of the Shining One.
   251 | D        | Noticed a hungry ghost
   251 | D        | Noticed an ogre
   251 | D        | Noticed an eye of draining
   251 | D        | Noticed an ogre
   258 | D        | Killed a hungry ghost
   258 | D        | Reached skill level 7 in Long Blades
   258 | D        | Reached skill level 5 in Armour
   258 | D        | Reached skill level 1 in Dodging
   258 | D        | Gained mutation: You have large cloven feet. [demonic
                  | ancestry]
   258 | D        | Reached XP level 6. HP: 52/52 MP: 0/6
   260 | D        | Reached skill level 8 in Long Blades
   263 | D        | Reached * piety under Makhleb
   265 | D        | Reached skill level 9 in Long Blades
   272 | D        | Gained mutation: You have hoof-like feet. [demonic
                  | ancestry]
   272 | D        | Reached XP level 7. HP: 59/59 MP: 1/7
   276 | D        | Reached ** piety under Makhleb
   276 | D        | Reached skill level 10 in Long Blades
   337 | D        | Noticed a shadow
   337 | D        | Noticed a cyclops
   337 | D        | Noticed a centaur warrior
   337 | D        | Noticed a cyclops
   340 | D        | Killed a shadow
   347 | D        | Reached skill level 11 in Long Blades
   356 | D        | Killed a cyclops
   356 | D        | Gained mutation: You are mostly covered in sharp spines.
                  | [demonic ancestry]
   356 | D        | Reached XP level 8. HP: 52/68 MP: 8/8
   361 | D        | Killed a centaur warrior
   361 | D        | Reached *** piety under Makhleb
   361 | D        | Reached skill level 13 in Long Blades
   361 | D        | Reached skill level 1 in Stealth
   367 | D        | Killed a cyclops
   367 | D        | Reached XP level 9. HP: 47/75 MP: 9/9
   505 | D        | Noticed Sonja
   517 | D        | Killed Sonja
   517 | D        | Reached skill level 14 in Long Blades
   804 | D        | Noticed a komodo dragon
   804 | D        | Noticed a spiny frog
   804 | D        | Noticed a spiny frog
   813 | D        | Killed a komodo dragon
   813 | D        | Reached **** piety under Makhleb
   821 | D        | Killed a spiny frog
   821 | D        | Reached skill level 15 in Long Blades
   829 | D        | Killed a spiny frog
   833 | D        | Reached ***** piety under Makhleb
   833 | D        | Reached XP level 10. HP: 71/83 MP: 10/10
   864 | D        | Noticed a black mamba
   869 | D        | Noticed a spiny frog
   876 | D        | Reached skill level 16 in Long Blades
   883 | D        | Killed a black mamba
   889 | D        | Reached ****** piety under Makhleb
   889 | D        | Reached skill level 10 in Fighting
   897 | D        | Killed a spiny frog
  1006 | D        | Noticed a catoblepas
  1006 | D        | Noticed a death yak
  1015 | D        | Noticed a catoblepas
  1064 | D        | Killed a catoblepas
  1083 | D        | Killed a death yak
  1097 | D        | Killed a catoblepas
  1097 | D        | Reached skill level 17 in Long Blades
  1097 | D        | Reached XP level 11. HP: 73/92 MP: 14/14
  1109 | D        | Reached skill level 5 in Invocations
  1113 | D        | Reached skill level 10 in Shields
  1197 | D        | Noticed Gastronok
  1214 | D        | Killed Gastronok
  1214 | D        | Reached skill level 10 in Armour
  1250 | D        | Noticed an orc sorcerer
  1256 | D        | Killed an orc sorcerer
  1265 | D        | Noticed an ettin
  1276 | D        | Slain by an ettin

Levels and vault maps discovered:
D:        linesprint [early_d, line_temple, items_1, d_10, items_2, lair_1,
          lair_end, items_3, orc_1, orc_end, items_4, d_15, swamp_1, shoals_1,
          snake_1, spider_1, d_20, vaults_1, items_5, swamp_end, shoals_end,
          snake_end, spider_end, vaults_end, d_27, items_6, zot_1, zot_end,
          crypt_end, forest_end, elf_end, slime_end, tomb_end, abyss_end,
          pan_hell_end]

Skill      XL: |  1  2  3  4  5  6  7  8  9 10 11 |
---------------+----------------------------------+-----
Long Blades    | 3 6 7 9 11 13 15 17 | 17.3
Armour         | 3 4 5 6 7 8 9 10 | 10.3
Shields        | 3 5 6 7 8 9 10 | 10.2
Fighting       | 4 5 6 7 8 9 10 11 | 11.1
Dodging        | 1 2 3 |  3.5
Stealth        | 1 4 6 |  6.5
Invocations    | 4 7 |  7.1

Action                   |  1- 3 |  4- 6 |  7- 9 | 10-12 || total
-------------------------+-------+-------+-------+-------++-------
Melee: Long sword        |    43 |       |       |       ||    43
       Scimitar          |       |    19 |    69 |   129 ||   217
       Kick              |       |     5 |    24 |    54 ||    83
  Use: Potion            |       |       |     1 |     1 ||     2
 Stab: Petrified         |       |       |       |    11 ||    11
       Petrifying        |       |       |       |     1 ||     1
  Eat: Chunk             |       |       |     3 |     2 ||     5
Armor: Scale mail        |    24 |       |       |       ||    24
       Chain mail        |       |     6 |     5 |       ||    11
       Plate armour      |       |       |    25 |    65 ||    90
Dodge: Dodged            |     9 |     1 |     9 |     8 ||    27
Block: Shield            |    21 |     6 |    29 |    27 ||    83
       Rpst.: Long sword |     5 |       |       |       ||     5
       Scimitar          |       |     1 |     2 |     2 ||     5
